[Event "Titled Tuesday Blitz March 07 Late 2023"]
[White "Wartiovaara, Oliver"]
[Black "Needleman, Alejandro"]
[WhiteFideId "513024"]
[BlackFideId "100730"]
[WhiteElo "2214"]
[BlackElo "2230"]
[Result "0-1"]
[Round "02"]
[TimeControl "180+2"]
[Date "2023.03.07"]
[WhiteClock "0:00:09"]
[BlackClock "0:00:22"]

1. d4 Nf6 2. c4 c5 3. d5 b5 4. cxb5 a6 5. b6 Qxb6 6. Nc3 g6 7. e4 d6 8. h3 Bg7 9. Nf3 O-O 10. Bd3 Nbd7 11. O-O Ne8 12. Qe2 Nc7 13. Bf4 Nb5 14. Nxb5 axb5 15. Bxb5 Ba6 16. Bxa6 Qxa6 17. Qc2 Rfb8 18. e5 dxe5 19. Bd2 Qd6 20. Rfd1 Qxd5 21. b3 e4 22. Bc3 Qc6 23. Ng5 Bxc3 24. Qxc3 Nf6 25. Qc4 e6 26. Qc3 Nd5 27. Qe5 f6 28. Qxe6+ Qxe6 29. Nxe6 Nc3 30. Rd7 Rxa2 31. Rxa2 Nxa2 32. Nxc5 Rc8 33. Nxe4 Rc6 34. Rd6 Rc1+ 35. Kh2 f5 36. Ng5 Rc2 37. Rd8+ Kg7 38. Rd7+ Kf6 39. Nxh7+ Ke6 40. Nf8+ Kf6 41. f4 Nc1 42. Nh7+ Ke6 43. Rb7 Nd3 44. Ng5+ Kd5 45. Kg3 Ne1 46. Rd7+ Kc6 47. Rd1 Rxg2+ 48. Kh4 Re2 49. Rc1+ Kb5 50. Rc7 Re3 51. Rg7 Ng2# 0-1


[Site "https://www.chess.com"]

[Event "Titled Tuesday Blitz March 07 Late 2023"]
[White "Erzhanov, Arman"]
[Black "Paspuel, Trosky"]
[WhiteFideId "4138821"]
[BlackFideId "3602150"]
[WhiteElo "2138"]
[BlackElo "2320"]
[Result "0-1"]
[Round "02"]
[TimeControl "180+2"]
[Date "2023.03.07"]
[WhiteClock "0:00:10"]
[BlackClock "0:00:29"]

1. e4 c6 2. d4 d5 3. exd5 cxd5 4. c4 Nf6 5. Nc3 e6 6. c5 Nc6 7. Nf3 Be7 8. Bb5 O-O 9. O-O Bd7 10. Bf4 Ne4 11. Rc1 b6 12. b4 Nxb4 13. Bxd7 Qxd7 14. Ne5 Nxc3 15. Nxd7 Nxd1 16. Nxf8 Nb2 17. Rb1 Rxf8 18. Rxb2 Nd3 19. Bc1 Nxb2 20. Bxb2 bxc5 21. Ba3 Rc8 22. dxc5 Kf8 23. Rb1 Ke8 24. Kf1 Kd7 25. Rb7+ Ke8 26. Rxa7 Bxc5 27. Bxc5 Rxc5 28. a4 Rc2 29. a5 Ra2 30. a6 g6 31. Ra8+ Ke7 32. a7 Kf6 33. Ke1 Ke5 34. h4 h5 35. Kd1 Ke4 36. Ke1 Kd3 37. f3 Ke3 38. Kd1 d4 39. Kc1 d3 40. Kb1 d2 41. Kxa2 d1=Q 42. Ka3 Qd3+ 43. Kb4 Qd5 44. Ka3 Qxa8 0-1


[Site "https://www.chess.com"]

[Event "Titled Tuesday Blitz March 07 Late 2023"]
[White "Delgado Rosas, Fatima Alexandra"]
[Black "Ronka, Erik"]
[WhiteFideId "6603963"]
[BlackFideId "505080"]
[WhiteElo "2319"]
[BlackElo "2264"]
[Result "1-0"]
[Round "02"]
[TimeControl "180+2"]
[Date "2023.03.07"]
[WhiteClock "0:01:53"]
[BlackClock "0:00:03"]

1. d4 d5 2. c4 c6 3. cxd5 cxd5 4. Nc3 Nf6 5. Bf4 Nc6 6. e3 Bf5 7. Nf3 e6 8. Bb5 Nd7 9. Bxc6 bxc6 10. O-O Be7 11. Rc1 g5 12. Bg3 h5 13. h3 g4 14. hxg4 hxg4 15. Ne5 Nxe5 16. dxe5 Kf8 17. e4 dxe4 18. Qe2 Qd3 19. Rfe1 Kg7 20. Nxe4 Qxe2 21. Rxe2 Rhd8 22. Nd6 Bg6 23. Rxc6 Rab8 24. b3 Rb4 25. Rc7 Bf8 26. Bh4 Bxd6 27. Bf6+ Kh7 28. exd6 Rxd6 29. Rc8 Rd1+ 30. Kh2 Bd3 31. Re5 Kg6 32. Bh8 Bf5 33. Rg8+ Kh7 34. Rf8 Rd2 35. Kg3 Rd3+ 36. f3 gxf3 37. gxf3 Rb6 38. Re1 Kg6 39. Rh1 Be4 40. Rg8+ Kf5 41. Rh5# 1-0


[Site "https://www.chess.com"]

[Event "Titled Tuesday Blitz March 07 Late 2023"]
[White "Mbonu, David"]
[Black "Ferreira, Vitor Hugo Vieira"]
[WhiteFideId "30927420"]
[BlackFideId "2119765"]
[WhiteElo "2315"]
[BlackElo "2146"]
[Result "1-0"]
[Round "02"]
[TimeControl "180+2"]
[Date "2023.03.07"]
[WhiteClock "0:02:24"]
[BlackClock "0:01:15"]

1. e4 c5 2. Nf3 d6 3. d4 cxd4 4. Nxd4 Nf6 5. Nc3 a6 6. Bc4 e6 7. Bb3 b5 8. O-O Nbd7 9. f4 Nc5 10. e5 Nxb3 11. axb3 b4 12. Ncb5 dxe5 13. fxe5 Bb7 14. exf6 axb5 15. Rxa8 Qxa8 16. Nxe6 Qa7+ 17. Rf2 fxe6 18. f7+ Ke7 19. Bg5# 1-0


[Site "https://www.chess.com"]

[Event "Titled Tuesday Blitz March 07 Late 2023"]
[White "Barash, Anton"]
[Black "Estrada Nieto, Julian"]
[WhiteFideId "30935229"]
[BlackFideId "5101018"]
[WhiteElo "2314"]
[BlackElo "2176"]
[Result "0-1"]
[Round "02"]
[TimeControl "180+2"]
[Date "2023.03.07"]
[WhiteClock "0:00:08"]
[BlackClock "0:00:16"]

1. e4 e5 2. Nc3 Nf6 3. f4 d5 4. fxe5 Nxe4 5. Qf3 Nc6 6. Bb5 Nxc3 7. dxc3 Be7 8. Ne2 O-O 9. Bxc6 bxc6 10. O-O Qd7 11. Qg3 Qg4 12. Qxg4 Bxg4 13. Nd4 Bd7 14. Bf4 c5 15. Nb3 Rab8 16. Rad1 Be6 17. Bc1 c4 18. Nd4 Rb6 19. b3 Bg4 20. Rde1 c5 21. Nf5 Bxf5 22. Rxf5 g6 23. Rf3 Re6 24. Bh6 Re8 25. Ref1 Bf8 26. Bxf8 Rxf8 27. Rf6 Rxe5 28. Ra6 cxb3 29. cxb3 Re7 30. Rc6 d4 31. Rxc5 dxc3 32. Rxc3 Rd8 33. Rc2 Re3 34. h3 Rd7 35. Rfc1 Kg7 36. Rc7 Red3 37. R1c2 h5 38. b4 h4 39. b5 Rxc7 40. Rxc7 Ra3 41. Rc2 Kf6 42. Kf2 Kg5 43. Rc5+ f5 44. Rc2 Kf4 45. Rb2 Ke5 46. Rc2 g5 47. Kf1 Kd4 48. Rf2 f4 49. Rb2 Ke3 50. Kg1 Kd3 51. Kf2 Kc4 52. Re2 Kxb5 53. Re5+ Kc4 54. Rxg5 Rxa2+ 55. Kf3 a5 56. Kxf4 a4 57. Kg4 Rxg2+ 58. Kxh4 Rxg5 59. Kxg5 a3 60. h4 a2 61. h5 a1=Q 0-1


[Site "https://www.chess.com"]

[Event "Titled Tuesday Blitz March 07 Late 2023"]
[White "Gireman, Ja"]
[Black "Eggleston, Thomas A"]
[WhiteFideId "5043794"]
[BlackFideId "412139"]
[WhiteElo "2153"]
[BlackElo "2155"]
[Result "1-0"]
[Round "02"]
[TimeControl "180+2"]
[Date "2023.03.07"]
[WhiteClock "0:00:31"]
[BlackClock "0:00:05"]

1. e4 e6 2. d4 d5 3. Nc3 Nf6 4. Bg5 dxe4 5. Nxe4 Be7 6. Bxf6 gxf6 7. Nf3 f5 8. Ng3 c5 9. Bb5+ Bd7 10. Bxd7+ Nxd7 11. d5 Qb6 12. O-O O-O-O 13. dxe6 fxe6 14. Qe2 Rhe8 15. Rfe1 Bf6 16. c3 Nf8 17. a4 Ng6 18. a5 Qc6 19. a6 b6 20. Qc2 Kb8 21. Nh5 Bh8 22. Re2 Rg8 23. Kf1 Rdf8 24. Rae1 e5 25. Ng3 e4 26. Nxe4 fxe4 27. Rxe4 Re8 28. Rxe8+ Rxe8 29. Rd1 Qb5+ 30. Kg1 Qxa6 31. h4 Nf4 32. Qf5 Ne2+ 33. Kh2 Qb7 34. Rd7 Qc6 35. Rxh7 Rg8 36. g3 Bf6 37. Ne5 Bxe5 38. Qxe5+ Ka8 39. Qe7 1-0


[Site "https://www.chess.com"]

[Event "Titled Tuesday Blitz March 07 Late 2023"]
[White "Zampronha, Wladimir Camilo"]
[Black "Womacka, Mathias"]
[WhiteFideId "2103087"]
[BlackFideId "4611390"]
[WhiteElo "2176"]
[BlackElo "2377"]
[Result "1-0"]
[Round "02"]
[TimeControl "180+2"]
[Date "2023.03.07"]
[WhiteClock "0:00:17"]
[BlackClock "0:00:03"]

1. e4 c5 2. Nf3 d6 3. d4 cxd4 4. Nxd4 Nf6 5. Nc3 a6 6. Bg5 e6 7. f4 h6 8. Bh4 Qb6 9. Qd2 Qxb2 10. Rb1 Qa3 11. f5 Be7 12. fxe6 fxe6 13. Bc4 Nxe4 14. Nxe4 Bxh4+ 15. g3 Bg5 16. Nxg5 hxg5 17. Bxe6 Qxg3+ 18. hxg3 Rxh1+ 19. Ke2 Rh2+ 20. Ke3 Rxd2 21. Kxd2 Nc6 22. Re1 Ne5 23. Rh1 Kd8 24. Rh8+ Kc7 25. Rg8 g6 26. Rg7+ Kb6 27. Rg8 Kc7 28. Rg7+ Bd7 29. Bxd7 Nxd7 30. Ne6+ Kc6 31. Nxg5 Ne5 32. Nf7 Nxf7 33. Rxf7 Rg8 34. Kd3 g5 35. g4 Rh8 36. Rg7 Rh3+ 37. Kd4 Ra3 38. Rxg5 Rxa2 39. c4 Rg2 40. Rg8 a5 41. g5 a4 42. g6 a3 43. g7 a2 44. Ra8 Rxg7 45. Rxa2 Rg4+ 46. Kc3 b6 47. Ra8 Rg3+ 48. Kb4 Rg1 49. Rc8+ Kd7 50. Rh8 Rb1+ 51. Kc3 Ke6 52. Rh6+ Ke5 53. Rh5+ Ke4 54. Rh4+ Ke3 55. Rh3+ Ke4 56. Rh4+ Ke5 57. Rh5+ Ke6 58. Rh7 b5 59. cxb5 Rxb5 60. Kd4 Rb4+ 61. Kc3 Rg4 62. Rh5 Re4 63. Kd3 Re5 64. Rh8 Kd5 65. Ra8 Re6 66. Ra5+ Kc6 67. Ra6+ Kc5 68. Ra5+ Kb6 69. Ra8 Rh6 70. Kd4 Kc6 71. Ra6+ Kd7 72. Ra8 Rh5 73. Rg8 Kc6 74. Rc8+ Kd7 75. Rg8 Rf5 76. Ra8 1-0


[Site "https://www.chess.com"]

[Event "Titled Tuesday Blitz March 07 Late 2023"]
[White "Kalajzic, Ivan"]
[Black "mohsengabr2002"]
[WhiteFideId "14506378"]
[WhiteElo "2203"]
[BlackElo "2302"]
[Result "1/2-1/2"]
[Round "02"]
[TimeControl "180+2"]
[Date "2023.03.07"]
[WhiteClock "0:01:07"]
[BlackClock "0:01:06"]

1. c4 g6 2. Nc3 Bg7 3. g3 e6 4. Bg2 Ne7 5. d3 d5 6. e3 O-O 7. Nge2 c5 8. O-O Nbc6 9. cxd5 exd5 10. d4 cxd4 11. Nxd4 Nxd4 12. exd4 Be6 13. Re1 Nf5 14. Qb3 Nxd4 15. Qxb7 Nc2 16. Bf4 Nxa1 17. Rxa1 Qb6 18. Qxb6 axb6 19. Nxd5 Bxd5 20. Bxd5 Ra5 21. Bb3 Bxb2 22. Rd1 Be5 23. Be3 Rb8 24. Rd7 Kh8 25. Rxf7 Bg7 26. h4 Re5 27. Kg2 Rf5 28. Rd7 b5 29. g4 Rff8 30. h5 gxh5 31. gxh5 Rfd8 32. Rf7 Rf8 33. Rd7 Rbd8 34. Rb7 Rb8 35. Rd7 1/2-1/2


[Site "https://www.chess.com"]

[Event "Titled Tuesday Blitz March 07 Late 2023"]
[White "Kozin, Yuri"]
[Black "Leonte, Sebastian-Marian"]
[WhiteFideId "4129920"]
[BlackFideId "1268767"]
[WhiteElo "2485"]
[BlackElo "2290"]
[Result "1-0"]
[Round "02"]
[TimeControl "180+2"]
[Date "2023.03.07"]
[WhiteClock "0:00:23"]
[BlackClock "0:00:14"]

1. e4 e5 2. Nf3 Nc6 3. Bb5 a6 4. Ba4 Nf6 5. O-O b5 6. Bb3 Bb7 7. Re1 Bc5 8. d3 h6 9. Nc3 d6 10. a4 b4 11. Ne2 O-O 12. Ng3 Na5 13. Ba2 b3 14. Bxb3 Nxb3 15. cxb3 d5 16. Be3 Bxe3 17. Rxe3 Re8 18. Qc2 Rc8 19. Ree1 c5 20. Rad1 Qd7 21. Qc3 Qe6 22. exd5 Nxd5 23. Qxe5 Nf6 24. Qxe6 Rxe6 25. Rxe6 fxe6 26. Ne5 Bd5 27. Nc4 Rb8 28. Na5 Kf7 29. Rc1 Nd7 30. Ne4 Bxb3 31. Nxb3 Rxb3 32. g3 Rxb2 33. Nxc5 Ne5 34. d4 Ng4 35. Nxa6 Kg6 36. Rf1 Ra2 37. Nc5 e5 38. d5 Nf6 39. d6 Rd2 40. d7 Nxd7 41. Nxd7 Rxd7 42. Ra1 Ra7 43. a5 Kf5 44. a6 Ke4 45. Kg2 Kd3 46. f3 Kd4 47. Ra4+ Kc5 48. Kf2 Kb5 49. Ra2 Rxa6 50. Rxa6 Kxa6 51. Ke3 Kb6 52. Ke4 Kc6 53. Kxe5 Kd7 54. Kf5 Ke7 55. Kg6 Kf8 56. f4 Kg8 57. g4 Kf8 58. h4 Kg8 59. h5 Kh8 60. Kf7 Kh7 61. f5 Kh8 62. Kg6 Kg8 63. f6 gxf6 64. Kxf6 Kh7 65. Kf7 Kh8 66. Kg6 Kg8 67. Kxh6 Kh8 68. g5 Kg8 69. Kg6 1-0


[Site "https://www.chess.com"]

[Event "Titled Tuesday Blitz March 07 Late 2023"]
[White "Einarsson, Halldor Gretar"]
[Black "Poeta, Caio Medeiros"]
[WhiteFideId "2300150"]
[BlackFideId "2142660"]
[WhiteElo "2142"]
[BlackElo "2191"]
[Result "0-1"]
[Round "02"]
[TimeControl "180+2"]
[Date "2023.03.07"]
[WhiteClock "0:00:10"]
[BlackClock "0:01:28"]

1. d4 d5 2. Nf3 Nf6 3. g3 e6 4. c4 Be7 5. Bg2 O-O 6. O-O c6 7. Qc2 Nbd7 8. Nbd2 b6 9. e4 Ba6 10. b3 Rc8 11. e5 Ne8 12. Re1 c5 13. cxd5 cxd4 14. Qd1 exd5 15. Nxd4 Nc5 16. Ba3 Nc7 17. Nc6 Qd7 18. Nxe7+ Qxe7 19. Nf3 Rfd8 20. Nd4 N7e6 21. Nf5 Qg5 22. Nd6 Rb8 23. Bxd5 Nd3 24. Re3 Nxe5 25. h4 Qf6 26. Bb2 Nd4 27. Bxd4 Qxd6 28. Rxe5 Kh8 29. Qg4 f6 0-1


[Site "https://www.chess.com"]

[Event "Titled Tuesday Blitz March 07 Late 2023"]
[White "Kleiman, Jake"]
[Black "Botez, Alexandra"]
[WhiteFideId "2020041"]
[BlackFideId "2603365"]
[WhiteElo "2479"]
[BlackElo "2059"]
[Result "1-0"]
[Round "02"]
[TimeControl "180+2"]
[Date "2023.03.07"]
[WhiteClock "0:00:30"]
[BlackClock "0:00:24"]

1. e4 e6 2. d3 d5 3. Qe2 Nf6 4. Nf3 c5 5. g3 Nc6 6. Bg2 Be7 7. O-O O-O 8. e5 Nd7 9. c4 d4 10. h4 Qc7 11. Bf4 Rb8 12. Nbd2 a6 13. Rfe1 b5 14. b3 Bb7 15. h5 Nb4 16. Rec1 Bc6 17. a3 Bxf3 18. Qxf3 Nxd3 19. Qxd3 Nxe5 20. Qe2 Bd6 21. Ne4 f6 22. Nxd6 Qxd6 23. Re1 bxc4 24. bxc4 d3 25. Qd1 Qd4 26. Be3 Qc3 27. Bxc5 Rfd8 28. Bb4 Qxc4 29. h6 Rd7 30. hxg7 Rxg7 31. Re4 Qc7 32. Rc1 Qd7 33. Rc3 Rd8 34. Re3 Qb5 35. f4 a5 36. fxe5 axb4 37. Rcxd3 Rxd3 38. Rxd3 Qb6+ 39. Kh2 fxe5 40. Rd8+ Kf7 41. Qf3+ Ke7 42. Qf8# 1-0


[Site "https://www.chess.com"]

[Event "Titled Tuesday Blitz March 07 Late 2023"]
[White "TimGrutter03"]
[Black "Abrosimov, Vladimir"]
[BlackFideId "4166892"]
[WhiteElo "2478"]
[BlackElo "2336"]
[Result "1-0"]
[Round "02"]
[TimeControl "180+2"]
[Date "2023.03.07"]
[WhiteClock "0:01:07"]
[BlackClock "0:00:49"]

1. e4 c5 2. Nf3 d6 3. d4 cxd4 4. Nxd4 Nf6 5. Nc3 a6 6. g3 e5 7. Nb3 Be6 8. Bg2 Be7 9. a4 O-O 10. O-O Nbd7 11. Re1 Rc8 12. Nd2 Qc7 13. Nf1 Nb6 14. Ne3 Rfd8 15. Ned5 Nbxd5 16. exd5 Bf5 17. a5 Nd7 18. Be3 h6 19. Qd2 Nc5 20. Rec1 Rf8 21. Bxc5 Qxc5 22. Na4 Qd4 23. Qe2 Bg5 24. c3 Qc4 25. Qxc4 Rxc4 26. Re1 Bd8 27. b4 Bd7 28. Bf1 Rc8 29. c4 f5 30. Nb6 Bxb6 31. axb6 f4 32. Rac1 fxg3 33. hxg3 Rf3 34. c5 Rb3 35. c6 bxc6 36. b7 Rb8 37. dxc6 Bxc6 38. Bc4+ 1-0


[Site "https://www.chess.com"]

[Event "Titled Tuesday Blitz March 07 Late 2023"]
[White "Smith, Garrett L"]
[Black "Goltseva, Ekaterina"]
[WhiteFideId "2024829"]
[BlackFideId "24173770"]
[WhiteElo "2275"]
[BlackElo "2200"]
[Result "0-1"]
[Round "02"]
[TimeControl "180+2"]
[Date "2023.03.07"]
[WhiteClock "0:00:05"]
[BlackClock "0:00:03"]

1. e4 e6 2. d4 d5 3. Nc3 h6 4. Nf3 Be7 5. Bd3 dxe4 6. Nxe4 Nf6 7. Qe2 Nc6 8. c3 b6 9. Bd2 Bb7 10. O-O-O Qd5 11. Kb1 O-O-O 12. c4 Qd7 13. Bc3 Nxe4 14. Bxe4 Bf6 15. Ne5 Bxe5 16. dxe5 Qe7 17. Qf3 Qc5 18. b3 Kb8 19. Qg3 g5 20. Qh3 Nxe5 21. Bxb7 Kxb7 22. Rde1 f6 23. Qxe6 Nd3 24. Re2 Rhe8 25. Qg4 Rxe2 26. Qxe2 Nf4 27. Qf3+ Kb8 28. Re1 a5 29. Re3 Qd6 30. g3 Ng6 31. Qxf6 Qd1+ 32. Kb2 Nf8 33. Qf3 Qd6 34. Re4 Qd7 35. Qe2 Ng6 36. Re3 Qf7 37. a4 Nf8 38. Rf3 Qd7 39. Re3 Ng6 40. h3 Qxh3 41. Re6 Nf8 42. Re8 Qd7 43. Rxd8+ Qxd8 44. Qe5 Qd7 45. Qh8 Qf7 46. Qxh6 Qxf2+ 47. Ka3 Nd7 48. Qxg5 Nc5 49. Qg8+ Ka7 50. Qg7 Na6 51. Qd4 Qc2 52. Qd2 Qb1 53. Qb2 Qg1 54. Qd2 Qxg3 55. Qd5 Qg1 56. Qd4 Qb1 57. Bb2 Nc5 58. Qd8 Kb7 59. Qd5+ Ka7 60. Qd4 Qc2 61. Qc3 Qd1 62. Qd4 Qxb3# 0-1


[Site "https://www.chess.com"]

[Event "Titled Tuesday Blitz March 07 Late 2023"]
[White "Manukian, Artak"]
[Black "Herbst, Richard"]
[WhiteFideId "13301373"]
[BlackFideId "2041251"]
[WhiteElo "2130"]
[BlackElo "2141"]
[Result "1-0"]
[Round "02"]
[TimeControl "180+2"]
[Date "2023.03.07"]
[WhiteClock "0:00:41"]
[BlackClock "0:00:44"]

1. e4 c5 2. Nf3 Nc6 3. c3 d5 4. exd5 Qxd5 5. d4 Bg4 6. Be2 e6 7. h3 Bh5 8. c4 Qd8 9. d5 exd5 10. g4 Bg6 11. cxd5 Nd4 12. Nxd4 Qxd5 13. Bb5+ Kd8 14. O-O cxd4 15. Nc3 Qd6 16. Ne2 d3 17. Nf4 Nf6 18. Bxd3 Bxd3 19. Nxd3 h5 20. g5 Nd7 21. Qf3 Be7 22. Bf4 Qc6 23. Qg3 Rc8 24. Rac1 Qd5 25. Rcd1 f6 26. Ne5 Qxd1 27. Rxd1 fxe5 28. Bxe5 Ke8 29. Bc3 Nc5 30. Qe5 Rf8 31. Re1 Rf7 32. g6 1-0


[Site "https://www.chess.com"]

[Event "Titled Tuesday Blitz March 07 Late 2023"]
[White "Prieto Aranguren, Alain"]
[Black "Prydun, Andriy"]
[WhiteFideId "2268906"]
[BlackFideId "14145898"]
[WhiteElo "2209"]
[BlackElo "2164"]
[Result "0-1"]
[Round "02"]
[TimeControl "180+2"]
[Date "2023.03.07"]
[WhiteClock "0:00:11"]
[BlackClock "0:00:08"]

1. d4 f6 2. e4 g6 3. h4 Nh6 4. h5 g5 5. Nc3 Nf7 6. Be3 Bg7 7. Qd2 e6 8. f4 Nc6 9. Nf3 g4 10. Nh2 f5 11. e5 d5 12. g3 Ne7 13. Bg2 b6 14. a4 a5 15. Nb5 Ba6 16. Qc3 c6 17. Na3 Qd7 18. Nf1 Ng8 19. Nd2 Bf8 20. Qb3 Bb4 21. c3 Bf8 22. Qxb6 Bd3 23. Bf1 Be4 24. Nxe4 fxe4 25. Nb5 Rc8 26. Qxa5 Ngh6 27. Qb6 Nf5 28. Kf2 Nxe3 29. Kxe3 Nh6 30. a5 Nf5+ 31. Kf2 e3+ 32. Kg2 Bh6 33. a6 O-O 34. Qb7 Qd8 35. a7 cxb5 36. Bxb5 Ra8 37. Bc6 Nxg3 38. Kxg3 Bxf4+ 39. Kg2 Qg5 40. Qxa8 Rxa8 41. Bxa8 Qf5 42. Bc6 Qc2+ 43. Kg1 Qf2# 0-1


[Site "https://www.chess.com"]

[Event "Titled Tuesday Blitz March 07 Late 2023"]
[White "Dudzinski, Pawel"]
[Black "Schut, Han"]
[WhiteFideId "1117890"]
[BlackFideId "1005561"]
[WhiteElo "2099"]
[BlackElo "2024"]
[Result "1-0"]
[Round "02"]
[TimeControl "180+2"]
[Date "2023.03.07"]
[WhiteClock "0:01:25"]
[BlackClock "0:00:49"]

1. e4 c5 2. Nc3 Nc6 3. g3 g6 4. Bg2 Bg7 5. d3 e6 6. Be3 d6 7. Qd2 Rb8 8. f4 b5 9. Nf3 Nge7 10. d4 b4 11. Ne2 c4 12. c3 d5 13. Ne5 O-O 14. Nxc6 Nxc6 15. exd5 exd5 16. O-O Bf5 17. Rfe1 Re8 18. Bf2 a5 19. h3 h5 20. Kh2 Qd7 21. Ng1 a4 22. Nf3 a3 23. Rxe8+ Rxe8 24. cxb4 axb2 25. Qxb2 Be4 26. Ne5 Nxe5 27. dxe5 Bxg2 28. Kxg2 Qf5 29. Bd4 h4 30. a4 hxg3 31. Kxg3 g5 32. Qf2 Qd3+ 33. Kh2 gxf4 34. Qxf4 Qxd4 35. Qxd4 Bxe5+ 36. Qxe5 Rxe5 37. a5 c3 38. a6 d4 39. a7 Re8 40. a8=Q Rxa8 41. Rxa8+ Kg7 42. Rc8 c2 43. Rxc2 1-0


[Site "https://www.chess.com"]

[Event "Titled Tuesday Blitz March 07 Late 2023"]
[White "Good, Daniel"]
[Black "Mortazavi, Ali"]
[WhiteFideId "1302388"]
[BlackFideId "401323"]
[WhiteElo "2256"]
[BlackElo "2339"]
[Result "1-0"]
[Round "02"]
[TimeControl "180+2"]
[Date "2023.03.07"]
[WhiteClock "0:00:05"]
[BlackClock "0:00:03"]

1. e4 c6 2. d4 d5 3. f3 Qb6 4. Nc3 e6 5. a3 Nd7 6. Be3 Ngf6 7. Bd3 dxe4 8. fxe4 e5 9. Nf3 Bd6 10. O-O O-O 11. h3 Qc7 12. Nh4 exd4 13. Bxd4 Be5 14. Be3 g6 15. Qf3 Bg3 16. Bg5 Nh5 17. Nf5 Ne5 18. Ne7+ Qxe7 19. Bxe7 Nxf3+ 20. Rxf3 Re8 21. Bg5 Be6 22. Raf1 Be5 23. Ne2 Bxb2 24. g4 Ng7 25. Nf4 Bxa3 26. Bh6 Bc5+ 27. Kg2 Re7 28. Nxe6 Nxe6 29. Bc4 Rd7 30. Rxf7 Rxf7 31. Bxe6 Kh8 32. Rxf7 Bd4 33. Rxb7 c5 34. Rd7 Re8 35. Bd5 a5 36. Ra7 Bc3 37. Be3 1-0


[Site "https://www.chess.com"]

[Event "Titled Tuesday Blitz March 07 Late 2023"]
[White "Girsh, Daniel"]
[Black "Kohler, Aran"]
[WhiteFideId "30949190"]
[BlackFideId "1002856"]
[WhiteElo "2075"]
[BlackElo "2250"]
[Result "1-0"]
[Round "02"]
[TimeControl "180+2"]
[Date "2023.03.07"]
[WhiteClock "0:00:37"]
[BlackClock "0:00:01"]

1. e4 c6 2. d4 d5 3. exd5 cxd5 4. Bd3 Nc6 5. c3 Nf6 6. Bf4 g6 7. Nd2 Bg7 8. Ngf3 O-O 9. O-O Bg4 10. h3 Nh5 11. Bh2 Bxf3 12. Nxf3 e6 13. Re1 Qb6 14. Qe2 Nf6 15. Rad1 Rad8 16. g4 a5 17. Kg2 a4 18. a3 Nd7 19. h4 Rfe8 20. h5 Nf8 21. Qd2 Qa5 22. Ng5 f5 23. hxg6 hxg6 24. Bg3 Rd7 25. Rh1 Bf6 26. Nf3 Rg7 27. g5 Bd8 28. Ne5 Bc7 29. Rh6 Nxe5 30. dxe5 Kf7 31. Qe3 Bb6 32. Qf4 Qc5 33. Qxa4 Rd8 34. Qb4 Qxb4 35. axb4 d4 36. c4 Bc7 37. f4 Nd7 38. Ra1 Nb6 39. Ra7 Rb8 40. Bf2 Nc8 41. Ra1 Bb6 42. c5 Bc7 43. Bxd4 b6 44. Bc4 1-0


[Site "https://www.chess.com"]

[Event "Titled Tuesday Blitz March 07 Late 2023"]
[White "Przybylski, Wojciech"]
[Black "Awoki, Daniel Teidi"]
[WhiteFideId "1117599"]
[BlackFideId "2100827"]
[WhiteElo "2222"]
[BlackElo "2087"]
[Result "0-1"]
[Round "02"]
[TimeControl "180+2"]
[Date "2023.03.07"]
[WhiteClock "0:00:05"]
[BlackClock "0:00:06"]

1. d4 Nf6 2. c4 e6 3. Nf3 d5 4. g3 Be7 5. Bg2 O-O 6. O-O dxc4 7. Nbd2 c5 8. Nxc4 cxd4 9. Qxd4 Nc6 10. Qc3 Nd5 11. Qc2 Qc7 12. Nce5 Nxe5 13. Qb3 Nxf3+ 14. Bxf3 Bd7 15. e4 Nf6 16. Be3 Bc6 17. Rac1 e5 18. Rfe1 Rac8 19. Bxa7 Qa5 20. Bb6 Qb5 21. Qxb5 Bxb5 22. Bc7 Nd7 23. Bg4 Bc6 24. Ba5 Ra8 25. b4 Nf6 26. Bf3 Rfc8 27. a3 g6 28. Re3 Kg7 29. Rec3 Re8 30. Re3 h5 31. Bc7 Nd7 32. Be2 Ba4 33. b5 Rec8 34. Rec3 Re8 35. f4 exf4 36. gxf4 Nf8 37. f5 Bf6 38. Rc4 Bxb5 39. R4c2 Bxe2 40. Rxe2 Be5 41. Bxe5+ Rxe5 42. Rc7 Rxa3 43. fxg6 Nxg6 44. Rf2 Re7 45. Rc5 Rxe4 46. Rxh5 Ra1+ 47. Kg2 Nf4+ 48. Kf3 Nxh5 49. Kxe4 Ra4+ 50. Kd5 Nf6+ 51. Ke5 Re4+ 52. Kf5 Rg4 53. Rb2 Rh4 54. Rxb7 Nh5 55. Kg5 Rxh2 56. Rb6 Ng3 57. Kg4 Ne4 58. Rb4 Nf6+ 59. Kg3 Ra2 60. Rb5 Ra3+ 61. Kf4 Ra4+ 62. Kf3 Rh4 63. Rg5+ Kh6 64. Rf5 Kg6 65. Rb5 Rh5 66. Rb6 Rf5+ 67. Kg3 Rg5+ 68. Kf3 Kg7 69. Kf4 Rg6 70. Kf5 Ng8 71. Rb7 Nh6+ 72. Kf4 Rf6+ 73. Kg5 Rf5+ 74. Kh4 Rc5 75. Kg3 Kg6 76. Kf4 f6 77. Rb6 Rc4+ 78. Kf3 Kg5 79. Rb8 f5 80. Rf8 Rc3+ 81. Kf2 Kf4 82. Rh8 Rc2+ 83. Ke1 Ng4 84. Rd8 Kf3 85. Rd3+ Ke4 86. Ra3 f4 87. Ra4+ Kf3 88. Rb4 Rc1+ 89. Kd2 Rc7 90. Rb6 Rd7+ 91. Ke1 Ne3 92. Rb1 Rd1+ 93. Rxd1 Nxd1 94. Kf1 Ne3+ 95. Kg1 Ke2 96. Kh2 f3 97. Kg3 f2 98. Kh2 f1=Q 99. Kg3 Qf3+ 100. Kh2 Qg2# 0-1


[Site "https://www.chess.com"]

[Event "Titled Tuesday Blitz March 07 Late 2023"]
[White "Floresvillar Gonzalez, Luis Migu"]
[Black "Vovk, Orest"]
[WhiteFideId "5100542"]
[BlackFideId "14113490"]
[WhiteElo "2040"]
[BlackElo "2215"]
[Result "0-1"]
[Round "02"]
[TimeControl "180+2"]
[Date "2023.03.07"]
[WhiteClock "0:00:09"]
[BlackClock "0:00:21"]

1. e4 g5 2. d4 g4 3. Qxg4 d5 4. Qe2 dxe4 5. Qxe4 Nf6 6. Qe3 Nc6 7. Nf3 Bg4 8. c3 Qd5 9. Be2 O-O-O 10. Nbd2 Rg8 11. c4 Qh5 12. d5 Nb4 13. Qc3 Nfxd5 14. cxd5 Nxd5 15. Qe5 f5 16. h3 Bg7 17. Qe6+ Kb8 18. Rh2 Nf4 19. Qe3 Bh6 20. hxg4 Qxh2 21. Nxh2 Nxg2+ 22. Kf1 Bxe3 23. fxe3 Nxe3+ 24. Kf2 Nxg4+ 25. Nxg4 fxg4 26. Ne4 h5 27. Bf4 h4 28. Rg1 e5 29. Bg5 Rdf8+ 30. Ke3 h3 31. Rxg4 h2 32. Rh4 Rh8 33. Ng3 Rxh4 34. Bxh4 Rh8 35. Bf6 Rh3 36. Kf2 Rxg3 37. Kxg3 h1=Q 38. Bxe5 Qe4 0-1


[Site "https://www.chess.com"]

[Event "Titled Tuesday Blitz March 07 Late 2023"]
[White "Papayan, Oleg"]
[Black "olga-belka"]
[WhiteFideId "4193911"]
[WhiteElo "2153"]
[BlackElo "2230"]
[Result "1-0"]
[Round "02"]
[TimeControl "180+2"]
[Date "2023.03.07"]
[WhiteClock "0:00:17"]
[BlackClock "0:00:01"]

1. e4 c5 2. Nf3 d6 3. d4 cxd4 4. Qxd4 Nc6 5. Bb5 Bd7 6. Bxc6 bxc6 7. e5 d5 8. Nbd2 Qb6 9. Nb3 Qxd4 10. Nfxd4 e6 11. f4 c5 12. Nf3 Nh6 13. Be3 Rc8 14. O-O-O Nf5 15. Bf2 h5 16. g3 Be7 17. h3 g6 18. g4 Ng7 19. Bh4 Ba4 20. Bxe7 Kxe7 21. Ng5 Bxb3 22. axb3 a5 23. Kd2 c4 24. Ra1 cxb3 25. cxb3 Rc5 26. b4 Rb5 27. Rxa5 Rxa5 28. bxa5 hxg4 29. b4 Nf5 30. a6 g3 31. b5 Nd4 32. b6 Nb3+ 33. Ke3 Nc5 34. a7 f5 35. exf6+ Kxf6 36. Rc1 Nb7 37. Rc7 1-0


[Site "https://www.chess.com"]

[Event "Titled Tuesday Blitz March 07 Late 2023"]
[White "Dylag, Emilia"]
[Black "Cheng, Xiao"]
[WhiteFideId "21805172"]
[BlackFideId "2022915"]
[WhiteElo "1878"]
[BlackElo "2465"]
[Result "1-0"]
[Round "02"]
[TimeControl "180+2"]
[Date "2023.03.07"]
[WhiteClock "0:00:02"]
[BlackClock "0:00:09"]

1. d4 Nf6 2. c4 e6 3. g3 c5 4. d5 b5 5. dxe6 fxe6 6. cxb5 d5 7. Nc3 a6 8. bxa6 Bxa6 9. Bg2 Bd6 10. Nf3 O-O 11. O-O Ra7 12. Re1 Ng4 13. e4 d4 14. e5 Bc7 15. Ne4 Bb6 16. Qb3 c4 17. Qd1 Nc6 18. Nfg5 Ngxe5 19. Nxe6 Qe7 20. Nxf8 Qxf8 21. Ng5 h6 22. Ne6 Qf6 23. Nf4 d3 24. Be3 Bxe3 25. Rxe3 Rd7 26. Qa4 Bb7 27. Qb5 d2 28. Rd1 Qf5 29. Bxc6 Bxc6 30. Rxe5 Qc2 31. Re8+ Kh7 32. Qxc6 Qxd1+ 33. Kg2 Qh1+ 34. Kxh1 d1=Q+ 35. Kg2 Rd6 36. Qe4+ g6 37. Qe7# 1-0


[Site "https://www.chess.com"]